 Dungeon Crawl Stone Soup version 0.26-a0-43-g20b394cb32 (webtiles) character file.

Game seed: 6351454990352728520

50 FHLogan the Conjurer (level 3, 25/26 HPs)
             Began as a Draconian Conjurer on May 28, 2020.
             Quit the game on level 2 of the Dungeon on June 3, 2020.
             The game lasted 00:12:29 (1058 turns).

FHLogan the Conjurer (Draconian Conjurer)           Turns: 1058, Time: 00:12:29

Health: 25/26      AC:  5    Str: 10    XL:     3   Next: 55%
Magic:  3/6        EV: 12    Int: 16    God:
Gold:   38         SH:  0    Dex: 11    Spells: 3/6 levels left

rFire    . . .     SeeInvis .   k - +0 hunting sling
rCold    . . .     Gourm    .   (no shield)
rNeg     . . .     Faith    .   (armour unavailable)
rPois    .         Spirit   .   (helmet restricted)
rElec    .         Reflect  .   (no cloak)
rCorr    .         Harm     .   (no gloves)
MR       .....                  (no boots)
Stlth    ++........             (no amulet)
HPRegen  0.08/turn              (no ring)
MPRegen  0.10/turn              (no ring)

@: no status effects
A: unfitting armour, cold-blooded, AC +5
a: no special abilities


You were on level 2 of the Dungeon.
You were not hungry.

You visited 1 branch of the dungeon, and saw 2 of its levels.

You collected 38 gold pieces.

Inventory:

Hand Weapons
 e - a +0 club
 g - a +0 dagger
 k - a +0 hunting sling (weapon)
Missiles
 d - 32 sling bullets (quivered)
 h - 46 stones
 j - 20 arrows
Scrolls
 a - 5 scrolls of identify {unknown}
 c - a scroll of immolation {unknown}
 m - a scroll of amnesia {unknown}
Potions
 f - a potion of lignification {unknown}
 i - a potion of might {unknown}
 n - a potion of resistance {unknown}
Comestibles
 b - 4 rations
 l - 3 chunks of flesh


   Skills:
 + Level 0.2 Short Blades
 + Level 1.9 Dodging
 + Level 2.2 Stealth
 + Level 2.3 Spellcasting
 + Level 4.8 Conjurations


You had 3 spell levels left.
You knew the following spells:

 Your Spells              Type           Power        Failure   Level  Hunger
a - Magic Dart            Conj           ###.         2%          1    #......
b - Searing Ray           Conj           ###...       4%          2    ###....

Your spell library contained the following spells:

 Spells                   Type           Power        Failure   Level  Hunger
 Dazzling Flash           Conj/Hex       #.....       22%         3    ###....
 Fulminant Prism          Conj/Hex       #.........   58%         4    #####..
 Iskenderun's Mystic Bla  Conj/Tloc      #.......     58%         4    #####..


Dungeon Overview and Level Annotations

Branches:
Dungeon (2/15)

Altars:


Innate Abilities, Weirdness & Mutations

Your plain brown scales are hard. (AC +5)
You cannot fit into any form of body armour.
You are cold-blooded and may be slowed by cold attacks.


Message History

The adder barely misses you.
Firing (i - inventory. (/) - cycle)
d - 30 sling bullets (quivered)
Press: ? - help, Shift-Dir - straight line, f/p - adder
Aim: an adder (severely wounded)
You shoot a sling bullet.
The sling bullet closely misses the adder.
The adder misses you. The adder barely misses you.
Firing (i - inventory. (/) - cycle)
d - 29 sling bullets (quivered)
Press: ? - help, Shift-Dir - straight line, f/p - adder
Aim: an adder (severely wounded)
You shoot a sling bullet. The sling bullet hits the adder.
You kill the adder!
Firing (i - inventory. (/) - cycle)
d - 28 sling bullets (quivered)
Press: ? - help, Shift-Dir - straight line, f - you
Okay, then.
d - 29 sling bullets (gained 1)
d - 32 sling bullets (gained 3) Welcome back, FHLogan the Draconian Conjurer.
Press ? for a list of commands and other information.
Are you sure you want to abandon this character and quit the game? (Confirm with "yes".)

........#.#...÷......#
.####.###.#.########.#
#.÷....#.#......#.#
#....#..........#.# #
#....#..........#.#
##.#.........#<###.#.#
.....##......#.###.#.#
...#.##..........#.#.###
####.##.#'####..@......#
#.##.......#..#.#.#.#
..##...###.#.<#.#.#.#
######...###.#..#.#.#.#
........)..........#.#.#
...#####......÷....#.#.#
..................#...#
..#######...#####.########.
..........................


There were no monsters in sight!

Vanquished Creatures
  An adder (D:2)
  3 leopard geckos
  A ball python (D:1)
  A giant cockroach (D:1)
  2 goblins (D:1)
  4 hobgoblins
  6 jackals (D:1)
  A quokka (D:2)
  5 bats
  A frilled lizard (D:1)
  6 kobolds
  4 rats
35 creatures vanquished.

Notes
Turn   | Place    | Note
-------+----------+-------------------------------------------
     0 | D:1      | FHLogan the Draconian Conjurer began the quest for the Orb.
     0 | D:1      | Reached XP level 1. HP: 14/14 MP: 3/3
     3 | D:1      | Noticed a demigod
     5 | D:1      | Noticed an elf
     5 | D:1      | Noticed a vine stalker
     9 | D:1      | Noticed a vampire
     9 | D:1      | Noticed a minotaur
    11 | D:1      | Noticed a formicid
    11 | D:1      | Noticed an ogre
    13 | D:1      | Noticed a tengu
    15 | D:1      | Noticed a dwarf
    15 | D:1      | Noticed an octopode
    17 | D:1      | Noticed a human
    19 | D:1      | Noticed a ghoul
    19 | D:1      | Noticed a naga
    21 | D:1      | Noticed a draconian
    21 | D:1      | Noticed a merfolk
    23 | D:1      | Noticed a halfling
    25 | D:1      | Noticed a spriggan
    25 | D:1      | Noticed a demonspawn
    27 | D:1      | Noticed a gargoyle
    27 | D:1      | Noticed a felid
    29 | D:1      | Noticed a centaur
    29 | D:1      | Noticed a troll
   179 | D:1      | Reached XP level 2. HP: 17/20 MP: 1/5
   628 | D:1      | Reached XP level 3. HP: 18/26 MP: 0/6
  1025 | D:2      | Learned a level 2 spell: Searing Ray
  1048 | D:2      | Upgraded the game from 0.26-a0-28-gc929df5585 to
                  | 0.26-a0-43-g20b394cb32
  1058 | D:2      | Quit the game

Illustrated notes

Levels and vault maps discovered:
D:1:      kb_arrival_jail, layout_rooms, skrybe_limestone_x
D:2:      kennysheep_the_goblin_king, layout_basic, cheibriados_altar_1

Skill      XL: |  1  2  3 |
---------------+----------+-----
Stealth        | 2 |  2.2
Short Blades   | |  0.2
Dodging        | |  1.9
Spellcasting   | |  2.3
Conjurations   | |  4.8

Action                   || total
-------------------------++-------
Melee: Club              ||     8
       Tailslap          ||     5
       Unarmed           ||     2
       Dagger            ||    26
 Fire: Hunting sling     ||     6
 Cast: Magic Dart        ||    58
       Searing Ray       ||     1
  Eat: Chunk             ||     1
Armor: Skin              ||    12
Dodge: Dodged            ||    53

Table legend:
 A = Non-vault XP
 B = Vault XP
 C = Vault XP percentage of total XP
 D = Non-vault monster count
 E = Vault monster count
 F = Vault count percentage of total count
                 A         B        C        D         E       F
            +---------+---------+-------+---------+---------+-------
      Total |      72 |       0 |   0.0 |      35 |       0 |   0.0
            +---------+---------+-------+---------+---------+-------
        D:1 |      45 |       0 |   0.0 |      27 |       0 |   0.0
        D:2 |      27 |       0 |   0.0 |       8 |       0 |   0.0
            +---------+---------+-------+---------+---------+-------
